 Dungeon Crawl Stone Soup version 0.29.1-14-g9c671dbff4 (webtiles) character file.

Game seed: 7826241171721149159

57235 KyoPewz the Bewitcher (level 14, -2/66 HPs)
             Began as a Felid Enchanter on Feb 18, 2023.
             Was the Champion of Zin.
             Slain by an eight-headed hydra (7 damage)
             ... called by a spriggan druid
             ... called by a spriggan druid
             ... on level 2 of the Swamp.
             The game lasted 04:55:03 (48736 turns).

KyoPewz the Bewitcher (Felid Enchanter)            Turns: 48736, Time: 04:55:04

Health: -2/66      AC:  7    Str:  8    XL:     14   Next: 45%
Magic:  7/28       EV: 26    Int: 27    God:    Zin [******]
Gold:   481        SH:  5    Dex: 22    Spells: 0/31 levels left
                                        Lives:  0   Deaths: 4

rFire   + . .      SeeInvis +     - Unarmed
rCold   + . .      Faith    .   (shield unavailable)
rNeg    . . .      Spirit   .   (body armour unavailable)
rPois   ∞          Reflect  +   (helmet unavailable)
rElec   .          Harm     .   (cloak unavailable)
rCorr   .          Rampage  .   (gloves unavailable)
Will    ++...                   (boots unavailable)
Stlth   ++++++....              g - amulet of reflection
HPRegen 0.21/turn               k - +4 ring of protection
MPRegen 0.21/turn               P - ring of protection from fire

@: vitalised, about to teleport, very slightly contaminated, quick
A: very small, claws 1, fangs 3, see invisible, speed 1, shaggy fur 3, stealthy
paws, no weapons or thrown items, no armour, multi-lived
a: Renounce Religion, Recite, Vitalisation, Imprison, Sanctuary, Donate Gold


You were on level 2 of the Swamp.
You worshipped Zin.
Zin was exalted by your worship.
You visited 6 branches of the dungeon, and saw 28 of its levels.
You visited 1 bazaar.
You also visited: Ice Cave.

You collected 2207 gold pieces.
You spent 1506 gold pieces at shops.
You donated 220 gold pieces to Zin.

Inventory:

Jewellery
 b - the ring "Heluits" {rPois Str+6}
   (You bought it in a shop on level 2 of the Orcish Mines)

   [ring of strength]

   Str:       It affects your strength (+6).
   rPois:     It protects you from poison.
 g - an amulet of reflection (around neck)
 k - a +4 ring of protection (left paw)
 q - an amulet of the acrobat
 u - an amulet of faith
 E - a ring of magical power
 J - the ring of Virtue {Will+++ rCorr Int+2 Dex+4 SInv}
   (You found it on level 10 of the Dungeon)

   [ring of resist corrosion]

   Int:       It affects your intelligence (+2).
   Dex:       It affects your dexterity (+4).
   SInv:      It lets you see invisible.
   rCorr:     It protects you from acid and corrosion.
   Will:      It greatly increases your willpower.
 N - a +6 ring of strength
 P - a ring of protection from fire (right paw)
 Q - a ring of ice
Wands
 j - a wand of digging (9)
 o - a wand of iceblast (10)
 v - a wand of charming (22)
 y - a wand of mindburst (12)
 O - a wand of flame (41)
Scrolls
 d - a scroll of torment
 i - 4 scrolls of teleportation
 n - 3 scrolls of fear
 r - a scroll of silence
 s - 5 scrolls of immolation
 z - 4 scrolls of poison
 A - 6 scrolls of noise
 B - 6 scrolls of amnesia
 C - 3 scrolls of fog
 D - 6 scrolls of summoning
 G - a scroll of acquirement {unknown}
 H - 2 scrolls of vulnerability
 L - 5 scrolls of blinking
 M - a scroll of enchant armour {unknown}
Potions
 a - 2 potions of invisibility
 c - 7 potions of cancellation
 e - 3 potions of attraction
 f - 8 potions of curing
 h - 6 potions of flight
 l - 3 potions of brilliance
 m - 3 potions of berserk rage
 p - 3 potions of heal wounds
 t - 2 potions of might
 w - 4 potions of ambrosia
 x - 9 potions of mutation
 F - 2 potions of magic
 K - 3 potions of haste
Miscellaneous
 I - a phantom mirror


   Skills:
 - Level 10.0 Fighting
 - Level 10.0 Dodging
 - Level 13.0 Stealth
 + Level 9.6 Unarmed Combat
 - Level 9.0 Spellcasting
 - Level 10.0 Conjurations
 - Level 15.0 Hexes
 - Level 2.0 Translocations
 - Level 7.0 Ice Magic
 - Level 3.0 Air Magic
 - Level 7.0 Earth Magic
 - Level 3.0 Poison Magic
 + Level 10.3 Invocations
 - Level 7.0 Evocations


You couldn't memorise any spells.
You knew the following spells:

 Your Spells              Type           Power      Damage    Failure   Level
a - Ensorcelled Hibernat  Hex/Ice        100%       N/A       1%          2
b - Blink                 Tloc           44%        N/A       3%          2
c - Confusing Touch       Hex            75%        N/A       1%          3
d - Tukima's Dance        Hex            75%        N/A       1%          3
e - Dazzling Flash        Conj/Hex       100%       N/A       1%          3
f - Slow                  Hex            100%       N/A       0%          1
g - Fulminant Prism       Conj/Hex       34%        3d16      1%          4
h - Stone Arrow           Conj/Erth      100%       3d13      1%          3
i - Poisonous Vapours     Pois/Air       56%        N/A       1%          2
j - Hailstorm             Conj/Ice       55%        3d12      1%          4
k - Iskenderun's Mystic   Conj/Tloc      44%        2d10      4%          4

Your spell library contained the following spells:

 Spells                   Type           Power      Damage    Failure   Level
 Passwall                 Tmut/Erth      25%        N/A       1%          2
 Mephitic Cloud           Conj/Pois/Air  40%        N/A       1%          3
 Summon Guardian Golem    Hex/Summ       51%        N/A       1%          3
 Leda's Liquefaction      Hex/Erth       32%        N/A       1%          4
 Beastly Appendage        Tmut           24%        N/A       4%          1
 Necrotise                Necr           48%        1d6       4%          1
 Summon Small Mammal      Summ           48%        N/A       4%          1
 Swiftness                Air            28%        N/A       4%          3
 Lesser Beckoning         Tloc           22%        N/A       6%          3
 Sublimation of Blood     Necr           12%        N/A       7%          2
 Wereblood                Tmut           12%        N/A       7%          2
 Spider Form              Tmut/Pois      20%        N/A       8%          3
 Lee's Rapid Deconstruct  Erth           24%        3d14*     8%          5
 Freezing Cloud           Conj/Ice/Air   24%        6-21      9%          5
 Ignite Poison            Fire/Tmut/Pois 17%        N/A       10%         3
 Ice Form                 Ice/Tmut       31%        N/A       11%         4
 Call Canine Familiar     Summ           12%        N/A       14%         3
 Vampiric Draining        Necr           12%        2d6       14%         3
 Irradiate                Conj/Tmut      19%        3d18      17%         5
 Corpse Rot               Necr/Pois/Air  22%        N/A       21%         4
 Iron Shot                Conj/Erth      27%        9d6       22%         6
 Summon Lightning Spire   Summ/Air       20%        N/A       26%         4
 Animate Dead             Necr           12%        N/A       43%         4
 Dispel Undead            Necr           12%        3d9       43%         4
 Conjure Ball Lightning   Conj/Air       23%        3x3d6     45%         6
 Manifold Assault         Tloc           22%        N/A       50%         5
 Discord                  Hex            37%        N/A       54%         8
 Blade Hands              Tmut           6%         N/A       78%         5
 Simulacrum               Ice/Necr       15%        N/A       86%         6
 Death Channel            Necr           6%         N/A       100%        6
 Dragon Form              Tmut           6%         N/A       100%        7
 Haunt                    Necr/Summ      6%         N/A       100%        7
 Storm Form               Tmut/Air       10%        N/A       100%        7
 Summon Hydra             Summ           6%         N/A       100%        7
 Disjunction              Tloc           11%        N/A       100%        8
 Lehudib's Crystal Spear  Conj/Erth      27%        10d7      100%        8
 Maxwell's Capacitive Co  Air            14%        ∞         100%        8
 Polar Vortex             Ice            24%        N/A       100%        9
 Animate Armour           Summ/Erth      Unusable   N/A       N/A         4

Dungeon Overview and Level Annotations

Branches:
Dungeon (15/15)            Temple (1/1) D:4            Lair (5/5) D:10
  Swamp (3/4) Lair:2        Snake (2/4) Lair:3        Slime (0/5) Lair:5
    Orc (2/2) D:9             Elf (0/3) Orc:2        Vaults (0/5) D:13
 Depths (0/4) D:15          IceCv (visited)

Altars:
Ashenzari
Cheibriados
Dithmenos
Elyvilon
Fedhas
Gozag
Hepliaklqana
Kikubaaqudgha
Makhleb
Nemelex Xobeh
Okawaru
Qazlal
Ru
Sif Muna
Trog
Uskayaw
Vehumet
Wu Jian
Xom
Yredelemnul
Zin
The Shining One
Jiyva

Shops:
D:8 ?   D:13 [   Orc:1 (   Orc:2 *=(

Portals:
Pandemonium: Orc:2
Trove: D:14 (give 4 scrolls of blinking)

Annotations:
D:14 Roxanne
Snake:1 Donald
Orc:1 1 runed translucent door, jujuben's ghost, journeyman HOGl


Innate Abilities, Weirdness & Mutations

You have sharp claws.
You have razor-sharp teeth.
You have supernaturally acute eyesight. (SInv)
You cover ground quickly. (Speed+)
Your thick and shaggy fur keeps you warm. (AC +3, rC+)
Your paws help you pounce on unaware monsters.
You are incapable of wielding weapons or throwing items.
You cannot wear armour.
You gain extra lives every three experience levels.


Message History

The swamp worm fires a harpoon shot at you.
The harpoon shot misses you.
The spriggan rider is engulfed in noxious fumes.
The spriggan rider appears confused.
Your surroundings suddenly seem different.
Splash!
You fall into the shallow water.
Moving in this stuff is going to be slow.
You are no longer poisoned.
The eight-headed hydra roars!
The swamp drake roars!
The spriggan rider throws a curare-tipped dart.
The curare-tipped dart hits you. You block the spriggan rider's attack.
As you read the scroll of teleportation, it crumbles to dust.
You feel strangely unstable.
The spriggan druid shouts!
The spriggan rider barely misses you.
The spriggan rider throws a curare-tipped dart.
The curare-tipped dart barely misses you.
The spriggan rider closely misses you.
The spriggan rider throws a curare-tipped dart.
The curare-tipped dart barely misses you.
The spriggan rider misses you.
Okay, then.
Unknown command.
Casting: Poisonous Vapours (safe; 1% risk of failure)
Confirm with . or Enter, or press ? or * to list all spells.
You miscast Blink.
You are very lightly contaminated with residual magic.
Nothing appears to happen.
The eight-headed hydra bites you. The eight-headed hydra bites you!
The eight-headed hydra bites you but does no damage.
You block the eight-headed hydra's attack.
The eight-headed hydra bites you!
* * * LOW HITPOINT WARNING * * *
The eight-headed hydra bites you but does no damage.
The eight-headed hydra bites you.
* * * LOW HITPOINT WARNING * * *
The eight-headed hydra bites you!
You die...

~~.~..~.♣..~~~♣
.~~~.~~...~~..♣
~~~~~~~.♣..♣>[♣
~~..k♣~.~~.†.♣♣
~§~~~~~~k~~♣~♣
~~.~~~~.♣i~~~♣♣
♣♣.~...♣♣ii~~~♣
.~~♣.♣♣.D~~~.♣♣
~~~..♣♣§@~~~♣.♣ ~~
♣.~~~~.♣.♣ .~
♣♣.§.~..♣♣.♣ ....~.~.
. ♣~.~.~...♣♣♣
♣~..~~~.~~~
♣..~.~..♣♣
~§.~~~~.~♣.♣♣~~~~~..♣
~..~~§~§~~~♣..§~...♣♣
~.~~~.~.~.~♣.♣.♣~~.♣
~.~.~.~♣~.♣.♣..~~~<♣


You could see an eight-headed hydra, 2 spriggan riders, a spriggan druid and a
swamp drake.

Vanquished Creatures
  Gastronok (D:12)
  An orc warlord (D:9)
  An eleionoma (Swamp:2)
  3 boulder beetles
  Fannar (Lair:2)
  A rakshasa (D:13)
  8 hydras
  The ghost of dvd2 the Cleaver, a journeyman MiFi of Hepliaklqana (D:11)
  4 vault guards
  A demonspawn (Orc:2)
  An alligator (Swamp:2)
  A two-headed ogre (D:13)
  3 anacondas (Snake:1)
  A vampire mage (D:14)
  6 centaur warriors
  7 orc high priests (Orc:2)
  3 naga sharpshooters (Snake:1)
  9 hell knights (D:15)
  A salamander mystic (Snake:1)
  2 skeletal warriors
  A storm dragon skeleton (D:15)
  A spriggan druid (Swamp:2)
  2 bog bodies (Lair:2)
  A spark wasp zombie (D:15)
  A lindwurm (Lair:3)
  A naga ritualist (Snake:1)
  2 necromancers (D:15)
  A swamp dragon (Swamp:2)
  7 deep elf pyromancers
  4 orc sorcerers (Orc:2)
  A stone giant zombie (D:15)
  4 orc knights
  3 oklob plants
  2 will-o-the-wisps (Swamp:2)
  4 ugly things
  3 manticores
  7 cyclopes
  5 elephants (Lair:5)
  A fire giant skeleton (D:15)
  A naga mage (Snake:1)
  8 black mambas
  3 ice statues (IceCv)
  15 cane toads
  A smoke demon (Orc:2)
  2 gargoyles (D:13)
  A freezing wraith (IceCv)
  A rime drake (Lair:3)
  3 red devils (Orc:2)
  An efreet (D:14)
  11 komodo dragons
  An anaconda simulacrum (IceCv)
  A hellwing (Orc:2)
  8 trolls
  A tyrant leech (Swamp:2)
  A bloated husk (Swamp:3)
  6 polar bears (Lair:5)
  6 hornets
  17 blink frogs
  15 slime creatures
  5 dream sheep
  2 dire elephant simulacra (IceCv)
  12 spriggans
  A ynoxinul (D:11)
  2 water elementals (D:15)
  38 yaks
  2 vampires
  6 basilisks
  2 wraiths (D:12)
  3 wyverns
  A shadow (D:11)
  A chaos spawn (Orc:2)
  9 vampire mosquitoes
  3 death yak simulacra
  9 wargs
  An acid dragon (D:11)
  4 swamp worms (Swamp:2)
  7 nagas (Snake:1)
  6 hell hounds (D:15)
  10 water moccasins
  A swamp drake (Swamp:2)
  24 orc warriors
  An ice beast (D:6)
  5 boggarts (Lair:5)
  31 wolves
  7 ogres
  11 centaurs
  3 kobold brigands
  6 bullfrogs
  A necrophage (D:5)
  5 cane toad simulacra
  3 scorpions
  A wight (D:4)
  15 killer bees
  An elephant simulacrum (Lair:5)
  4 howler monkeys
  2 electric eels (D:7)
  A jelly (D:5)
  22 orc priests
  A hound (D:6)
  2 gnoll boudas (D:7)
  8 iguanas
  Ijyb (D:3)
  Terence (D:2)
  10 orc wizards
  A statue (D:5)
  2 polar bear simulacra
  Robin (D:4)
  14 gnolls
  2 adders (D:3)
  2 shadow imps
  3 white imps
  An ufetubus (D:6)
  A worm (D:2)
  A dart slug (D:4)
  56 orcs
  6 bats
  10 endoplasms
  4 giant cockroaches
  16 goblins
  8 hobgoblins
  2 jackals (D:1)
  A quokka (D:4)
  4 ball pythons
  4 frilled lizards
  25 kobolds
  3 rats
  3 fulminant prisms
671 creatures vanquished.

Vanquished Creatures (collateral kills)
  A two-headed ogre (D:10)
  2 orc knights (Orc:2)
  Maggie (D:7)
  A water moccasin (D:10)
  A hell hound (D:15)
  7 orc warriors (Orc:2)
  A black bear (shapeshifter) (D:13)
  An ogre (Orc:2)
  2 wights (D:4)
  3 orc priests (Orc:2)
  An orc wizard (Orc:1)
  3 gnolls
  6 orcs (Orc:2)
30 creatures vanquished.

Vanquished Creatures (others)
  2 bloated husks (Swamp:2)
  2 vampire mosquitoes (Swamp:1)
  18 dancing weapons
  An orc (Orc:2)
  15 bushes
  4 foxfires (Swamp:2)
  54 fulminant prisms
  25 fungi
  159 plants
  5 withered plants (D:15)
285 creatures vanquished.

Grand Total: 986 creatures vanquished

Notes
Turn   | Place    | Note
-------+----------+-------------------------------------------
     0 | D:1      | KyoPewz the Felid Enchanter began the quest for the Orb.
     0 | D:1      | Reached XP level 1. HP: 7/7 MP: 4/4
   417 | D:1      | Reached XP level 2. HP: 4/11 MP: 6/6
   421 | D:1      | Learned a level 2 spell: Ensorcelled Hibernation
  1295 | D:1      | Found a faded altar of an unknown god.
  1536 | D:2      | Reached skill level 5 in Stealth
  1749 | D:2      | Reached XP level 3. HP: 14/14 MP: 4/7
  2564 | D:2      | Noticed Terence
  2604 | D:2      | Killed Terence
  2605 | D:2      | Reached XP level 4. HP: 14/18 MP: 5/8
  2676 | D:2      | Learned a level 3 spell: Confusing Touch
  2679 | D:2      | Learned a level 2 spell: Blink
  2994 | D:3      | Noticed Ijyb
  3004 | D:3      | Killed Ijyb
  3620 | D:3      | Reached skill level 1 in Ice Magic
  3773 | D:3      | Found a faded altar of an unknown god.
  3775 | D:3      | Found a hazy altar of Hepliaklqana.
  3929 | D:4      | Found a staircase to the Ecumenical Temple.
  3955 | Temple   | Entered the Ecumenical Temple
  4214 | Temple   | Became a worshipper of Zin the Law-Giver
  4238 | D:4      | Reached XP level 5. HP: 21/21 MP: 9/9
  4274 | D:4      | HP: 1/20 [wight/+1 hand axe of freezing (1)]
  4687 | D:4      | Reached * piety under Zin
  5075 | D:4      | Noticed Robin
  5098 | D:4      | Killed Robin
  5110 | D:4      | Learned a level 3 spell: Tukima's Dance
  5271 | D:4      | Found an opulent altar of Gozag.
  5271 | D:4      | Found a snail-covered altar of Cheibriados.
  5349 | D:4      | Gained mutation: You are covered in thick fur. (AC +2)
                  | [Felid growth]
  5349 | D:4      | Reached XP level 6. HP: 14/24 MP: 3/11
  5614 | D:4      | Reached skill level 5 in Hexes
  5975 | D:5      | Entered Level 5 of the Dungeon
  6257 | D:5      | Reached skill level 6 in Hexes
  6309 | D:5      | Reached skill level 7 in Hexes
  6309 | D:5      | Reached XP level 7. HP: 23/27 MP: 2/12
  6618 | D:5      | Found a basalt altar of Yredelemnul.
  6788 | D:5      | Found a radiant altar of Vehumet.
  6907 | D:6      | Found a hide-covered altar of Uskayaw.
  7210 | D:6      | Reached skill level 8 in Hexes
  7349 | D:6      | Found a blossoming altar of Fedhas.
  7494 | D:6      | Reached ** piety under Zin
  7720 | D:6      | Found a burning altar of Makhleb.
  7938 | D:6      | You fall into a shaft and drop 2 floors!
  7945 | D:8      | Noticed a vampire
  8008 | D:8      | Found Ungoce's Magic Scroll Emporium.
  8033 | D:8      | Bought a scroll of identify for 32 gold pieces
  8033 | D:8      | Bought a scroll of poison for 64 gold pieces
  8033 | D:8      | Bought a scroll of noise for 16 gold pieces
  8033 | D:8      | Bought a scroll of amnesia for 64 gold pieces
  8150 | D:7      | Noticed Maggie
  8183 | D:7      | Found a transporter.
  8402 | D:6      | Reached XP level 8. HP: 31/31 MP: 13/13
  8641 | D:7      | Found a transporter.
  8700 | D:7      | Reached *** piety under Zin
  8729 | D:7      | Reached skill level 5 in Unarmed Combat
  8971 | D:7      | Found a sacrificial altar of Ru.
  9036 | D:7      | Killed Maggie
  9210 | D:7      | Reached skill level 10 in Stealth
  9310 | D:7      | Learned a level 3 spell: Dazzling Flash
  9797 | D:8      | Reached skill level 1 in Invocations
  9797 | D:8      | Reached skill level 1 in Evocations
  9995 | D:8      | Reached skill level 1 in Conjurations
  9995 | D:8      | Reached XP level 9. HP: 18/34 MP: 9/14
 10215 | D:9      | Noticed a troll
 10220 | D:9      | Killed a troll
 10587 | D:9      | Reached skill level 1 in Fighting
 10766 | D:9      | Reached skill level 9 in Hexes
 10933 | D:9      | Noticed a troll
 10944 | D:9      | Killed a troll
 11122 | D:9      | Found a staircase to the Orcish Mines.
 11247 | D:10     | Entered Level 10 of the Dungeon
 11268 | D:10     | Noticed a troll
 11337 | D:10     | Killed a troll
 11338 | D:10     | Reached skill level 5 in Evocations
 11402 | D:10     | Noticed a two-headed ogre
 11432 | D:10     | Killed a two-headed ogre
 11433 | D:10     | Reached skill level 5 in Invocations
 11433 | D:10     | Reached XP level 10. HP: 12/41 MP: 8/15
 11936 | D:10     | Identified the ring of Virtue {Will+++ rCorr Int+2 Dex+4
                  | SInv}
 12245 | D:10     | Reached skill level 10 in Hexes
 12511 | D:10     | Found a staircase to the Lair.
 12804 | D:11     | Noticed a boulder beetle
 12851 | Lair:1   | Entered Level 1 of the Lair of Beasts
 12854 | Lair:1   | Reached **** piety under Zin
 13223 | Lair:1   | Noticed a cane toad
 13226 | Lair:1   | Killed a cane toad
 13227 | Lair:1   | Reached skill level 11 in Hexes
 13259 | Lair:1   | Noticed a four-headed hydra
 13304 | Lair:1   | Killed a four-headed hydra
 13305 | Lair:1   | Reached skill level 5 in Fighting
 13305 | Lair:1   | Reached XP level 11. HP: 19/48 MP: 11/17
 13572 | Lair:1   | Learned a level 1 spell: Slow
 13665 | Lair:1   | Reached skill level 12 in Hexes
 13751 | Lair:1   | Identified the +5 ring mail "Miusat" {Str+4 Dex+5 Stlth-}
 14060 | Lair:2   | Noticed a bog body
 14060 | Lair:2   | Noticed an oklob plant
 14068 | Lair:2   | Found a staircase to the Swamp.
 14073 | Lair:2   | Noticed a bog body
 14402 | Lair:2   | Noticed Fannar
 14933 | Lair:2   | Reached skill level 13 in Hexes
 15695 | Lair:3   | Noticed a five-headed hydra
 15705 | Lair:3   | Found a staircase to the Snake Pit.
 16370 | Lair:3   | Learned a level 4 spell: Fulminant Prism
 16389 | Lair:3   | Killed a five-headed hydra
 16424 | Lair:3   | Zin protects you from harm!
 16635 | Lair:3   | Gained mutation: Your thick and shaggy fur keeps you warm.
                  | (AC +3, rC+) [Felid growth]
 16635 | Lair:3   | Reached XP level 12. HP: 31/55 MP: 13/20
 16791 | Lair:3   | Got the Lessons on Dark Magic
 16938 | Lair:3   | Reached skill level 5 in Spellcasting
 16938 | Lair:3   | Reached skill level 5 in Conjurations
 16938 | Lair:3   | Reached skill level 1 in Earth Magic
 17211 | Lair:4   | Reached skill level 14 in Hexes
 17431 | Lair:4   | Learned a level 3 spell: Stone Arrow
 18594 | Lair:5   | Entered Level 5 of the Lair of Beasts
 18613 | Lair:5   | Noticed a six-headed hydra
 18888 | Lair:5   | Slain by a komodo dragon
 18889 | Lair:5   | Reached XP level 11. HP: -5/51 MP: 13/20
 18911 | Lair:5   | Slain by a blink frog
 18912 | Lair:5   | Reached XP level 10. HP: -3/48 MP: 13/19
 18912 | Lair:5   | Noticed a cane toad
 18913 | Lair:5   | Killed a cane toad
 18913 | Lair:5   | Noticed a cane toad
 18924 | Lair:5   | Killed a cane toad
 18930 | Lair:5   | Noticed a cane toad
 18935 | Lair:5   | Found a viscous altar of Jiyva.
 18935 | Lair:5   | Noticed an oklob plant
 18936 | Lair:5   | Found a staircase to the Slime Pits.
 18936 | Lair:5   | Noticed an oklob plant
 18942 | Lair:5   | Killed a cane toad
 19078 | Lair:5   | Found a frozen archway.
 19088 | Lair:5   | Noticed an eight-headed hydra
 19092 | Lair:5   | Noticed a cane toad
 19102 | IceCv    | Entered an ice cave
 19371 | IceCv    | Noticed a white ugly thing
 19583 | IceCv    | Killed a purple ugly thing
 19758 | IceCv    | Noticed an ice statue
 19897 | IceCv    | Killed an ice statue
 19900 | IceCv    | Killed an ice statue
 19968 | IceCv    | Noticed an ice statue
 20058 | IceCv    | Reached XP level 11. HP: 52/52 MP: 8/20
 20365 | IceCv    | Reached ***** piety under Zin
 21227 | Lair:5   | Reached skill level 5 in Dodging
 21558 | Lair:5   | Reached skill level 15 in Hexes
 22088 | Lair:5   | Reached XP level 12. HP: 57/57 MP: 17/22
 23270 | D:11     | Noticed dvd2's ghost (journeyman MiFi)
 23442 | D:11     | Found a runed translucent door.
 23876 | D:11     | Killed a boulder beetle
 24034 | D:12     | Noticed Gastronok
 24099 | D:12     | Noticed an eight-headed hydra
 24647 | D:12     | Killed an eight-headed hydra
 24905 | D:12     | Noticed a boulder beetle
 24919 | D:12     | Killed a boulder beetle
 25066 | D:12     | Noticed a five-headed hydra
 25082 | D:12     | Killed a five-headed hydra
 25787 | D:13     | Found Qaenah's Armour Emporium.
 25815 | D:13     | Noticed a rakshasa
 26645 | D:13     | Reached skill level 10 in Fighting
 26754 | D:13     | Learned a level 2 spell: Poisonous Vapours
 27156 | D:13     | Noticed a two-headed ogre
 27203 | D:13     | Noticed a centaur warrior
 27403 | D:13     | Killed a centaur warrior
 27640 | Orc:1    | Entered Level 1 of the Orcish Mines
 28008 | Orc:1    | Noticed an orc warlord
 28249 | D:9      | Killed an orc warlord
 28250 | D:9      | Reached XP level 13. HP: 42/61 MP: 2/23
 28895 | Orc:1    | Found a runed translucent door.
 28933 | Orc:1    | Found a shimmering altar of Xom.
 28933 | Orc:1    | Noticed jujuben's ghost (journeyman HOGl)
 29348 | Orc:2    | Entered Level 2 of the Orcish Mines
 29459 | Orc:2    | Found a staircase to the Elven Halls.
 30435 | Orc:1    | Found Ebesuig's Antique Weapon Boutique.
 30758 | Orc:2    | Reached ****** piety under Zin
 31252 | Orc:2    | Found Qiatip's General Store.
 31604 | Orc:2    | Found Cynn's General Store.
 31847 | Orc:2    | HP: 2/61 [something/ball of steam (21)]
 32525 | Orc:2    | Bought a scroll of identify for 30 gold pieces
 32525 | Orc:2    | Bought a scroll of fog for 60 gold pieces
 32525 | Orc:2    | Bought a scroll of enchant weapon for 112 gold pieces
 33886 | Orc:2    | Reached skill level 10 in Dodging
 34361 | Orc:2    | Found Utuedwad's Jewellery Boutique.
 34361 | Orc:2    | Found Yruezi's Antique Weapon Shop.
 34543 | Orc:2    | Found a one-way gate leading to the halls of Pandemonium.
 34548 | Orc:2    | Reached skill level 5 in Earth Magic
 34603 | Orc:2    | Bought the ring "Heluits" {rPois Str+6} for 849 gold pieces
 35235 | D:11     | Killed dvd2's ghost
 35434 | D:11     | Got the Atlas of Earth
 36266 | D:12     | Killed Gastronok
 36459 | D:13     | Reached XP level 14. HP: 66/66 MP: 26/26
 36545 | D:13     | Found a gate to the Vaults.
 36957 | D:12     | Learned a level 4 spell: Hailstorm
 37128 | D:13     | Reached skill level 1 in Air Magic
 37205 | D:13     | Reached skill level 1 in Poison Magic
 37882 | D:14     | Found a flickering gateway to a bazaar.
 37895 | Bazaar   | Entered a bazaar
 37897 | Bazaar   | Found Utymn's Magic Scroll Boutique.
 37901 | Bazaar   | Found Boh Lila's General Store.
 37901 | Bazaar   | Found Tacin's Jewellery Boutique.
 37901 | Bazaar   | Found Jywuysut's Weapon Boutique.
 37951 | Bazaar   | Bought a ring of protection from fire for 225 gold pieces
 37956 | Bazaar   | Bought a scroll of identify for 18 gold pieces
 37956 | Bazaar   | Bought a scroll of identify for 18 gold pieces
 37956 | Bazaar   | Bought a scroll of identify for 18 gold pieces
 37987 | D:14     | Reached skill level 5 in Ice Magic
 37987 | D:14     | Reached XP level 15. HP: 69/69 MP: 28/28
 38753 | D:14     | Identified Roxanne's Cyclopedia of Transmogrification
 38753 | D:14     | Noticed Roxanne
 38972 | D:14     | Found a portal to a secret trove of treasure.
 39028 | D:15     | Entered Level 15 of the Dungeon
 39544 | D:15     | Found a staircase to the Depths.
 39762 | D:15     | Reached skill level 10 in Conjurations
 40842 | D:15     | Learned a level 4 spell: Iskenderun's Mystic Blast
 41540 | D:15     | Identified the +0 arbalest of Context {elec, rPois rCorr
                  | SInv Stlth-}
 43693 | Lair:2   | Killed Fannar
 44535 | Lair:5   | Reached XP level 16. HP: 73/73 MP: 21/30
 45394 | Lair:5   | Identified the +4 great sword of Pestilence {flame, Int+2}
 46035 | Snake:1  | Entered Level 1 of the Snake Pit
 46125 | Snake:1  | Noticed Donald
 47418 | Swamp:1  | Entered Level 1 of the Swamp
 47691 | Swamp:1  | Mangled by a bunyip
 47692 | Swamp:1  | Reached XP level 15. HP: -7/64 MP: 27/29
 47692 | Swamp:1  | You fall into a shaft and drop 1 floor!
 47744 | Swamp:2  | Reached skill level 10 in Invocations
 47797 | Swamp:2  | Zin protects you from harm!
 47798 | Swamp:2  | Killed by an exploding bloated husk
 47799 | Swamp:2  | Reached XP level 14. HP: -19/66 MP: 15/28
 48718 | Swamp:2  | Zin protects you from harm!
 48736 | Swamp:2  | Slain by an eight-headed hydra

Illustrated notes

Levels and vault maps discovered:
D:1:      onia_arrival_mini_maze_b, layout_rooms,
          shapermc_ecumenical_altar_acropolis, minmay_pentomino_v2
D:2:      layout_rooms, uniq_terence
D:3:      layout_loops_ring, beargit_hepliaklqana_dungeon_heroes, fountainhead,
          uniq_ijyb
D:4:      layout_basic, gammafunk_temple_overflow_elements,
          minmay_temple_entry_slanted, uniq_robin
D:5:      layout_basic, vehumet_statue, old_standard_altar
D:6:      layout_loops_ring, mainiacjoe_overflow_paths,
          mainiacjoe_overflow_small_starburst, mainiacjoe_overflow_brackets
D:7:      gammafunk_steamed_eel, layout_rooms,
          nicolae_ru_great_annihilating_truth, nicolae_zen_rock_garden,
          nicolae_grassy_gnolls, uniq_maggie
D:8:      layout_basic, serial_shops, shop
D:9:      layout_basic, orc_0_dummy
D:10:     layout_rooms, minmay_lair_entry_grove
D:11:     layout_grid_maze, hellmonk_ghost_big_iron, hangedman_decor_riveting
D:12:     layout_gridville, uniq_gastronok
D:13:     layout_cave_pods, lightli_vaults_fourway_checkpoint, serial_shops,
          nicolae_shop_hallway_plus, corexii_corridor_pit
D:14:     layout_gridville, serial_glass, glass_columns_b, glass_columns_b,
          due_unseen_surprise, serial_shops, bzr_entry_gold,
          nicolae_trove_entry_free_sample, uniq_roxanne
D:15:     gammafunk_depths_entry_grave, layout_cave_pools, serial_bayou_shore_a,
          minmay_rotating_lava
Temple:   compressed_dpeg_triangle_lava_temple
Lair:1:   beast_lair_carwin_large_1, layout_loops_ring
Lair:2:   layout_cave_shapes, skrybe_swamp_entry_bodies, uniq_fannar
Lair:3:   layout_cave_pods, dummy_snake_entry
Lair:4:   layout_regular_city
Lair:5:   minmay_lair_end_enchanted_forest, layout_hall_layers,
          minmay_slime_entry_oklob_open, portal_ice_cave_entry_ice_simulacra,
          serial_forest, infiniplex_forest_fountain,
          infiniplex_forest_straight_2, infiniplex_forest_end_2,
          infiniplex_forest_straight_4, infiniplex_forest_clump_curved,
          infiniplex_forest_clump_double, infiniplex_forest_clump_tiny,
          infiniplex_forest_lined_room_3, infiniplex_forest_end_double,
          infiniplex_forest_corner_2, grunt_megastairs_4
Swamp:1:  layout_basic_swamp, evilmike_swamp_ruin_rubble_1,
          infiniplex_staircase_pool
Swamp:2:  layout_falls_marsh, hangedman_swamp_ruin_hall, swamp_pool5
Swamp:3:  layout_falls_marsh, evilmike_swamp_ruin_rubble_2, swamp_pool5,
          nicolae_swamp_nymph_family_reunion, uniq_kirke
Snake:1:  nicolae_snake_attic_fulla_snakes, layout_onion, grunt_megastairs_5,
          uniq_donald
Snake:2:  layout_basic, nicolae_coiled_stairwell_down
Orc:1:    layout_caves, ebering_ghost_xom, serial_shops, shop
Orc:2:    pf_orc_diabolical, layout_caves, mines5_lemuel

Skill      XL: |  1  2  3  4  5  6  7  8  9 10 11 12 13 14 15 16 |
---------------+-------------------------------------------------+-----
Unarmed Combat | 2 3 4 6 7 9 |  9.6
Stealth        | 5 6 8 10 11 13 | 13.0
Ice Magic      | 1 3 4 5 7 |  7.0
Spellcasting   | 3 6 5 7 8 9 |  9.0
Hexes          | 7 8 9 11 15 14 | 15.0
Translocations | 2 |  2.0
Invocations    | 2 5 7 10 9 | 10.3
Evocations     | 2 5 7 |  7.0
Conjurations   | 1 3 6 7 9 10 | 10.0
Fighting       | 2 5 9 10 | 10.0
Earth Magic    | 4 2 5 6 7 |  7.0
Dodging        | 3 5 8 10 | 10.0
Air Magic      | 3 |  3.0
Poison Magic   | 3 |  3.0

Action                   |  1- 3 |  4- 6 |  7- 9 | 10-12 | 13-15 | 16-18 || total
-------------------------+-------+-------+-------+-------+-------+-------++-------
Melee: Unarmed           |   121 |   132 |   266 |   325 |   492 |    74 ||  1410
       Bite              |    10 |    21 |    28 |    31 |    69 |     8 ||   167
       Punch             |     1 |     1 |     8 |    12 |    33 |     1 ||    56
 Cast: Ensorcelled Hiber |    24 |    17 |    67 |   281 |   197 |    66 ||   652
       Tukima's Dance    |       |     4 |     6 |     6 |    76 |     1 ||    93
       Confusing Touch   |       |     1 |     7 |    12 |     5 |       ||    25
       Blink             |       |     2 |     1 |    13 |    21 |     4 ||    41
       Fulminant Prism   |       |       |       |    34 |    16 |     7 ||    57
       Stone Arrow       |       |       |       |    58 |   226 |    36 ||   320
       Slow              |       |       |       |    10 |       |       ||    10
       Dazzling Flash    |       |       |       |     8 |     9 |       ||    17
       Hailstorm         |       |       |       |       |     7 |     1 ||     8
       Poisonous Vapours |       |       |       |       |     4 |     3 ||     7
       Iskenderun's Myst |       |       |       |       |       |     3 ||     3
Invok: Vitalisation      |       |       |     2 |     2 |     3 |     2 ||     9
       Recite            |       |       |     1 |     5 |     3 |       ||     9
       Imprison          |       |       |       |     1 |       |       ||     1
Evoke: Wand              |       |       |       |    23 |     1 |       ||    24
       Phantom mirror    |       |       |       |     2 |       |       ||     2
  Use: Scroll            |       |       |     8 |     9 |    10 |     4 ||    31
       Potion            |       |       |       |     1 |     6 |     5 ||    12
 Stab: Sleeping          |    18 |    21 |    49 |   164 |   118 |    36 ||   406
       Distracted        |     1 |       |       |     3 |     1 |       ||     5
       Confused          |       |       |     6 |    15 |     7 |       ||    28
       Paralysed         |       |       |     1 |       |       |       ||     1
       Invisible         |       |       |       |     2 |     8 |       ||    10
Armor: Skin              |    12 |    22 |    55 |    46 |    73 |    16 ||   224
Dodge: Dodged            |    94 |    81 |   215 |   363 |   590 |   178 ||  1521
Block: Other             |       |       |       |     6 |   145 |    33 ||   184
       Reflection        |       |       |       |       |    10 |     3 ||    13
